BSA
SEATTLE PIKES @ NASSAU ROCKETS
09/22/2027
 
TOP OF THE 1ST
Seattle Pikes batting - Pitching for Nassau Rockets : LHP Luis Valentín
Pitching: LHP Luis Valentín
Batting: RHB Wallace Greene 0-0: Foul Ball, location: 2F
0-1: Ball
1-1: Called Strike
1-2: SOLO HOME RUN (Flyball, 78D), Distance : 371 ft
Batting: RHB Roberto Zamora 0-0: Ball
1-0: Ball
2-0: Swinging Strike
2-1: Swinging Strike
2-2: Strikes out swinging
Batting: RHB Bill Mark 0-0: Called Strike
0-1: Ball
1-1: Swinging Strike
1-2: Ball
2-2: Ground out 6-3 (Groundball, 6D)
Batting: LHB Richard Hunter 0-0: Swinging Strike
0-1: Ball
1-1: Ball
2-1: Foul Ball, location: 2F
2-2: Foul Ball, location: 2F
2-2: Foul Ball, location: 2F
2-2: Ball
3-2: Fly out, F4 (Popup, 4)
Top of the 1st over - 1 run(s), 1 hit(s), 0 error(s), 0 left on base; Seattle 1 - Nassau 0
BOTTOM OF THE 1ST
Nassau Rockets batting - Pitching for Seattle Pikes : LHP Marcos Benítez
Pitching: LHP Marcos Benítez
Batting: SHB Edgardo Osorio 0-0: Foul Ball, location: 2F
0-1: Called Strike
0-2: Fly out, F8 (Flyball, 8LS)
Batting: RHB Junior Vargas 0-0: Called Strike
0-1: Fly out, F7 (Flyball, 78D)
Batting: SHB Howard Parker 0-0: Ball
1-0: Foul Ball, location: 2F
1-1: Fly out, F3 (Line Drive, 3L)
Bottom of the 1st over - 0 run(s), 0 hit(s), 0 error(s), 0 left on base; Seattle 1 - Nassau 0
TOP OF THE 2ND
Seattle Pikes batting - Pitching for Nassau Rockets : LHP Luis Valentín
Batting: RHB Iván Gonzáles 0-0: Called Strike
0-1: Swinging Strike
0-2: SINGLE (Line Drive, 34D)
Batting: RHB António Ortega 0-0: Called Strike
0-1: Fly out, F6 (Line Drive, 6)
Batting: RHB Manuel Rico 0-0: Ball
1-0: Called Strike
1-1: Swinging Strike
1-2: Strikes out looking
Batting: RHB Arnold Harmon 0-0: Called Strike
0-1: Ball
1-1: Called Strike
1-2: Fly out, F9 (Flyball, 9LS)
Top of the 2nd over - 0 run(s), 1 hit(s), 0 error(s), 1 left on base; Seattle 1 - Nassau 0
BOTTOM OF THE 2ND
Nassau Rockets batting - Pitching for Seattle Pikes : LHP Marcos Benítez
Batting: LHB Doug Thompson 0-0: Called Strike
0-1: Foul Ball, location: 2F
0-2: Ball
1-2: Strikes out looking
Batting: LHB Andrew Alvarado 0-0: Called Strike
0-1: Ball
1-1: Ball
2-1: DOUBLE (Line Drive, 8LXD)
Batting: RHB Pete Harvey 0-0: Ball
1-0: Called Strike
1-1: Foul Ball, location: 2F
1-2: Ball
2-2: Strikes out swinging
Batting: RHB Jack Bailey 0-0: Foul Ball, location: 2F
0-1: Ball
1-1: SINGLE (Groundball, 6MD)
Andrew Alvarado to third
Runner from 3rd tries for Home, SAFE, throw made home
Jack Bailey to second
Batting: RHB Salvador Borbón 0-0: Ball
1-0: Called Strike
1-1: Foul Ball, location: 2F
1-2: Foul Ball, location: 2F
1-2: Strikes out swinging passed ball, reaches first!
Jack Bailey to third
Batting: RHB Rubén Matos 0-0: Foul Ball, location: 2F
0-1: Swinging Strike
0-2: Foul Ball, location: 2F
0-2: Fly out, F9 (Flyball, 89M)
Bottom of the 2nd over - 1 run(s), 2 hit(s), 0 error(s), 2 left on base; Seattle 1 - Nassau 1
TOP OF THE 3RD
Seattle Pikes batting - Pitching for Nassau Rockets : LHP Luis Valentín
Batting: RHB Eugene Gill 0-0: DOUBLE (Line Drive, 89D)
Batting: RHB Wallace Greene 0-0: Foul Ball, location: 2F
0-1: Ball
1-1: Fly out, F3 (Line Drive, 34)
Batting: RHB Roberto Zamora 0-0: Ball
1-0: Ground out 6-3 (Groundball, 6)
Batting: RHB Bill Mark 0-0: Called Strike
0-1: Called Strike
0-2: Ball
1-2: SINGLE (Groundball, 6MD)
Eugene Gill to third
Runner from 3rd tries for Home, SAFE, no throw
Batting: LHB Richard Hunter 0-0: Ball
1-0: Called Strike
1-1: Ball
2-1: Foul Ball, location: 2F
2-2: Foul Ball, location: 2F
2-2: Ball
3-2: Foul Ball, location: 2F
3-2: Base on Balls
Bill Mark to second
Batting: RHB Iván Gonzáles 0-0: Ball
1-0: Swinging Strike
1-1: Foul Ball, location: 2F
1-2: Ball
2-2: Foul Ball, location: 2F
2-2: Fly out, F9 (Flyball, 9S)
Top of the 3rd over - 1 run(s), 2 hit(s), 0 error(s), 2 left on base; Seattle 2 - Nassau 1
BOTTOM OF THE 3RD
Nassau Rockets batting - Pitching for Seattle Pikes : LHP Marcos Benítez
Batting: SHB Edgardo Osorio 0-0: Ball
1-0: Called Strike
1-1: Called Strike
1-2: Fly out, F8 (Flyball, 78XD)
Batting: RHB Junior Vargas 0-0: Ball
1-0: Ball
2-0: Ground out 6-3 (Groundball, 6)
Batting: SHB Howard Parker 0-0: Called Strike
0-1: Ball
1-1: Ground out U3 (Groundball, 3L)
Bottom of the 3rd over - 0 run(s), 0 hit(s), 0 error(s), 0 left on base; Seattle 2 - Nassau 1
TOP OF THE 4TH
Seattle Pikes batting - Pitching for Nassau Rockets : LHP Luis Valentín
Batting: RHB António Ortega 0-0: Ball
1-0: Ball
2-0: Swinging Strike
2-1: Ball
3-1: Foul Ball, location: 2F
3-2: SINGLE (Groundball, 6MD)
Batting: RHB Manuel Rico 0-0: Called Strike
0-1: Fly out, F8 (Flyball, 8LD)
Batting: RHB Arnold Harmon 0-0: Ball
1-0: Fly out, F9 (Flyball, 89M)
Batting: RHB Eugene Gill 0-0: Called Strike
0-1: Fielders Choice at 2nd, 6-4 (Groundball, 6)
Top of the 4th over - 0 run(s), 1 hit(s), 0 error(s), 0 left on base; Seattle 2 - Nassau 1
BOTTOM OF THE 4TH
Nassau Rockets batting - Pitching for Seattle Pikes : LHP Marcos Benítez
Batting: LHB Doug Thompson 0-0: Ball
1-0: Called Strike
1-1: Ball
2-1: Fly out, F9 (Flyball, 89S)
Batting: LHB Andrew Alvarado 0-0: Ball
1-0: Ball
2-0: Fly out, F7 (Flyball, 7)
Batting: RHB Pete Harvey 0-0: Hit by Pitch
Batting: RHB Jack Bailey 0-0: Foul Ball, location: 2F
0-1: SINGLE (Groundball, 34S) (infield hit)
Pete Harvey to second
Batting: RHB Salvador Borbón 0-0: Ball
1-0: Ball
2-0: Ground out 1-3 (Groundball, 15S)
Bottom of the 4th over - 0 run(s), 1 hit(s), 0 error(s), 2 left on base; Seattle 2 - Nassau 1
TOP OF THE 5TH
Seattle Pikes batting - Pitching for Nassau Rockets : LHP Luis Valentín
Batting: RHB Wallace Greene 0-0: Foul Ball, location: 2F
0-1: Foul Ball, location: 2F
0-2: Ball
1-2: Ground out 5-3 (Groundball, 56S)
Batting: RHB Roberto Zamora 0-0: Called Strike
0-1: Foul Ball, location: 2F
0-2: Strikes out swinging
Batting: RHB Bill Mark 0-0: Swinging Strike
0-1: Ball
1-1: Foul Ball, location: 2F
1-2: Ground out 6-3 (Groundball, 6)
Top of the 5th over - 0 run(s), 0 hit(s), 0 error(s), 0 left on base; Seattle 2 - Nassau 1
BOTTOM OF THE 5TH
Nassau Rockets batting - Pitching for Seattle Pikes : LHP Marcos Benítez
Batting: RHB Rubén Matos 0-0: Called Strike
0-1: Foul Ball, location: 2F
0-2: Strikes out swinging
Batting: SHB Edgardo Osorio 0-0: Called Strike
0-1: Ball
1-1: Ground out 4-3 (Groundball, 4MS)
Batting: RHB Junior Vargas 0-0: Called Strike
0-1: Foul Ball, location: 2F
0-2: Foul Ball, location: 2F
0-2: Ball
1-2: Strikes out swinging
Bottom of the 5th over - 0 run(s), 0 hit(s), 0 error(s), 0 left on base; Seattle 2 - Nassau 1
TOP OF THE 6TH
Seattle Pikes batting - Pitching for Nassau Rockets : LHP Luis Valentín
Batting: LHB Richard Hunter 0-0: Ball
1-0: Called Strike
1-1: Fly out, F4 (Line Drive, 4)
Batting: RHB Iván Gonzáles 0-0: Called Strike
0-1: Foul Ball, location: 2F
0-2: Ground out 5-3 (Groundball, 56S)
Batting: RHB António Ortega 0-0: Ball
1-0: Foul Ball, location: 2F
1-1: Ball
2-1: Ball
3-1: Called Strike
3-2: Foul Ball, location: 2F
3-2: Strikes out swinging
Top of the 6th over - 0 run(s), 0 hit(s), 0 error(s), 0 left on base; Seattle 2 - Nassau 1
BOTTOM OF THE 6TH
Nassau Rockets batting - Pitching for Seattle Pikes : LHP Marcos Benítez
Batting: SHB Howard Parker 0-0: Foul Ball, location: 2F
0-1: Foul Ball, location: 2F
0-2: SINGLE (Line Drive, 3)
Batting: LHB Doug Thompson 0-0: Ball
1-0: Swinging Strike
1-1: Ball
2-1: Grounds into double play, 4-6-3 (Groundball, 4)
Batting: LHB Andrew Alvarado 0-0: Called Strike
0-1: Ball
1-1: Foul Ball, location: 2F
1-2: Fly out, F7 (Flyball, 7)
Bottom of the 6th over - 0 run(s), 1 hit(s), 0 error(s), 0 left on base; Seattle 2 - Nassau 1
TOP OF THE 7TH
Seattle Pikes batting - Pitching for Nassau Rockets : LHP Luis Valentín
Pitching: RHP José García
Batting: RHB Manuel Rico 0-0: Ground out 5-3 (Groundball, 56S)
Batting: RHB Arnold Harmon 0-0: Ball
1-0: Ball
2-0: Swinging Strike
2-1: Foul Ball, location: 2F
2-2: Strikes out swinging
Batting: RHB Eugene Gill 0-0: Ball
1-0: Ball
2-0: Called Strike
2-1: Swinging Strike
2-2: Foul Ball, location: 2F
2-2: Foul Ball, location: 2F
2-2: Ball
3-2: Foul Ball, location: 2F
3-2: Fly out, F9 (Flyball, 89S)
Top of the 7th over - 0 run(s), 0 hit(s), 0 error(s), 0 left on base; Seattle 2 - Nassau 1
BOTTOM OF THE 7TH
Nassau Rockets batting - Pitching for Seattle Pikes : LHP Marcos Benítez
Batting: RHB Pete Harvey 0-0: Swinging Strike
0-1: Foul Ball, location: 2F
0-2: Strikes out looking
Batting: RHB Jack Bailey 0-0: Ball
1-0: Called Strike
1-1: Ground out 5-3 (Groundball, 56S)
Batting: RHB Salvador Borbón 0-0: Ball
1-0: Foul Ball, location: 2F
1-1: Ball
2-1: Swinging Strike
2-2: Ball
3-2: Strikes out swinging
Bottom of the 7th over - 0 run(s), 0 hit(s), 0 error(s), 0 left on base; Seattle 2 - Nassau 1
TOP OF THE 8TH
Seattle Pikes batting - Pitching for Nassau Rockets : RHP José García
Batting: RHB Wallace Greene 0-0: Ball
1-0: Reached on error, E4 (Groundball, 4)
Pinch Hitting: SHB António Hernández 0-0: Called Strike
0-1: Ball
1-1: Sac Bunt - play at first, batter OUT! 1-4
Wallace Greene to second
Pinch Hitting: LHB Eduardo Gómez 0-0: Called Strike
0-1: Called Strike
0-2: Ball
1-2: Ball
2-2: Strikes out looking
Pitching: LHP Kai-ge Hui
Batting: LHB Richard Hunter 0-0: Swinging Strike
0-1: Ball
1-1: Ground out 4-3 (Groundball, 4)
Top of the 8th over - 0 run(s), 0 hit(s), 1 error(s), 1 left on base; Seattle 2 - Nassau 1
BOTTOM OF THE 8TH
Nassau Rockets batting - Pitching for Seattle Pikes : LHP Marcos Benítez
Now at C: Tae-kwon Kwon
Now at 2B: Pete Rideout
Now at SS: Don Soper
Now in RF: Jesús Núñez
Batting: RHB Rubén Matos 0-0: Fly out, F6 (Popup, 6M)
Batting: SHB Edgardo Osorio 0-0: Called Strike
0-1: Ball
1-1: Swinging Strike
1-2: Ball
2-2: Ball
3-2: Foul Ball, location: 2F
3-2: Strikes out swinging
Batting: RHB Junior Vargas 0-0: Foul Ball, location: 2F
0-1: Swinging Strike
0-2: Fly out, F9 (Flyball, 9)
Bottom of the 8th over - 0 run(s), 0 hit(s), 0 error(s), 0 left on base; Seattle 2 - Nassau 1
TOP OF THE 9TH
Seattle Pikes batting - Pitching for Nassau Rockets : LHP Kai-ge Hui
Pitching: RHP Juan Franco
Batting: RHB Iván Gonzáles 0-0: Ball
1-0: Ball
2-0: Called Strike
2-1: Ball
3-1: Foul Ball, location: 2F
3-2: Foul Ball, location: 2F
3-2: Strikes out swinging
Batting: RHB António Ortega 0-0: Called Strike
0-1: Ground out 6-3 (Groundball, 56)
Batting: RHB Manuel Rico 0-0: Ball
1-0: Fly out, F7 (Flyball, 7D)
Top of the 9th over - 0 run(s), 0 hit(s), 0 error(s), 0 left on base; Seattle 2 - Nassau 1
BOTTOM OF THE 9TH
Nassau Rockets batting - Pitching for Seattle Pikes : LHP Marcos Benítez
Pitching: LHP Cristián Escobar
Pinch Hitting: LHB Don Ramey 0-0: Called Strike
0-1: Foul Ball, location: 2F
0-2: Ball
1-2: Fly out, F8 (Flyball, 89D)
Batting: LHB Doug Thompson 0-0: Ball
1-0: DOUBLE (Flyball, 7LM)
Batting: LHB Andrew Alvarado 0-0: Swinging Strike
0-1: Ball
1-1: Called Strike
1-2: Ball
2-2: Ball
3-2: Ground out 5-3 (Groundball, 5)
Batting: RHB Pete Harvey 0-0: Foul Ball, location: 2F
0-1: Swinging Strike
0-2: Ball
1-2: Strikes out swinging
Bottom of the 9th over - 0 run(s), 1 hit(s), 0 error(s), 1 left on base; Seattle 2 - Nassau 1
Thursday, March 30th, 2017 - OOTP Baseball 17.12 Build 75